 Dungeon Crawl Stone Soup version 0.31-a0-182-gc5ef74bbde (webtiles) character file.

Game seed: 12554880638558909817

102 qw the Shooter (level 4, -1/40 HPs)
             Began as a Naga Hunter on June 20, 2023.
             Slain by a gnoll
             ... wielding a +0 flail
              (2 damage)
             ... on level 3 of the Dungeon.
             The game lasted 00:00:51 (1860 turns).

qw the Shooter (Naga Hunter)                        Turns: 1860, Time: 00:00:52

Health: -1/40      AC:  3    Str: 19    XL:     4   Next: 77%
Magic:  4/4        EV:  9    Int:  9    God:
Gold:   77         SH:  0    Dex: 17    Spells: 3/3 levels left

rFire   . . .        Y - +0 shortbow
rCold   . . .        (shield currently unavailable)
rNeg    . . .        c - +0 leather armour
rPois   +            (no helmet)
rElec   .            (no cloak)
rCorr   .            f - +0 pair of gloves
SInv    +            (no barding)
Will    .....        (no amulet)
Stlth   ++           e - +6 ring of strength
HPRegen 0.26/turn    (no ring)
MPRegen 0.09/turn

%: no passive effects
@: short of breath, very slow
A: AC +1, large, see invisible, deformed body, poison resistance, slowness 2,
spit poison 1, naga tail 1
a: Spit Poison


You were on level 3 of the Dungeon.
You visited 1 branch of the dungeon, and saw 3 of its levels.

You collected 129 gold pieces.
You spent 52 gold pieces at shops.


Innate Abilities, Weirdness & Mutations

Your serpentine skin is tough. (AC +1)
You have supernaturally acute eyesight. (SInv)
Armour fits poorly on your strangely shaped body.
Your system is resistant to poisons. (rPois)
You cover ground very slowly.
You can spit poison.
You have a snake-like lower body.


   Skills:
 + Level 2.9 Fighting
 - Level 5.0 Ranged Weapons
 - Level 1.5 Dodging
 - Level 1.5 Stealth


You had 3 spell levels left.
You didn't know any spells.
Your spell library was empty.

Inventory:

Hand Weapons
 Y - a +0 shortbow (weapon)
Armour
 c - a +0 leather armour (worn)
 f - a +0 pair of gloves (worn)
Jewellery
 e - a +6 ring of strength (left hand)
Scrolls
 b - a scroll of fear {unknown}
 d - a scroll of identify
Potions
 a - a potion of haste
 g - a potion of cancellation {unknown}
 h - a potion of curing {unknown}

Dungeon Overview and Level Annotations

Branches:
Dungeon (3/15)

Altars:
Cheibriados

Shops:
D:2 ?


Message History

The gnoll is severely wounded.
The gnoll closely misses you.
You shoot an arrow. The arrow barely misses the gnoll.
The gnoll hits you with a +0 halberd.
A gnoll comes into view. It is wielding a +0 flail.
You shoot an arrow.
The arrow hits the gnoll but does no damage.
The gnoll is severely wounded.
You have got your breath back.
The gnoll barely misses you. The gnoll hits you with a +0 halberd.
1852 ||| INVOKING Spit Poison.
Aiming: Spit Poison (1% risk of failure)
Press: ? - help, Shift-Dir - straight line, f/p - gnoll The splash of poison hits the gnoll.
The gnoll is almost dead.
The gnoll hits you with a +0 flail. The gnoll closely misses you.
You shoot an arrow. The arrow barely misses the gnoll.
The gnoll hits you with a +0 flail. The gnoll completely misses you.
You shoot an arrow. The arrow closely misses the gnoll.
The gnoll hits you but does no damage. The gnoll closely misses you.
You shoot an arrow. The arrow hits the gnoll.
You kill the gnoll!
The gnoll hits you with a +0 flail!
You shoot an arrow. The arrow hits the gnoll.
The gnoll is moderately wounded.
The gnoll closely misses you.
You shoot an arrow. The arrow barely misses the gnoll.
The gnoll hits you with a +0 flail. x2
You shoot an arrow. The arrow barely misses the gnoll.
You have got your breath back.
The gnoll closely misses you.
1859 ||| INVOKING Spit Poison.
Aiming: Spit Poison (1% risk of failure)
Press: ? - help, Shift-Dir - straight line, f/p - gnoll The splash of poison misses the gnoll.
The gnoll closely misses you.
You shoot an arrow. The arrow hits the gnoll.
The gnoll is severely wounded.
The gnoll hits you with a +0 flail.
You die...

.......#.........#
#.#
.......#.........#
..#
.).....#.........#
#.##
#.....######.##.##
#....## #....##
##.### #..#..# #^#
#..##.# # #.#
#..##.# g# #.#
#..##@#..# ...
#..##)g)#
#########


You could see a gnoll.

Vanquished Creatures
  An adder (D:2)
  2 gnolls (D:3)
  A worm (D:3)
  A dart slug (D:2)
  An orc (D:3)
  4 ball pythons
  4 endoplasms
  2 giant cockroaches
  7 goblins
  11 hobgoblins
  3 jackals (D:1)
  6 kobolds
  A quokka (D:2)
  7 bats
  7 frilled lizards
  6 rats
64 creatures vanquished.

Notes
Turn   | Place    | Note
-------+----------+-------------------------------------------
     0 | D:1      | qw the Naga Hunter began the quest for the Orb.
     0 | D:1      | Reached XP level 1. HP: 19/19 MP: 1/1
     0 | D:1      | 0 ||| qw: Version: 0.3-a-9-g12657ce
     0 | D:1      | 0 ||| qw: Game counter: 1258
     0 | D:1      | 0 ||| qw: Always use a shield: true
     0 | D:1      | 0 ||| qw: God list: Okawaru
     0 | D:1      | 0 ||| qw: Allow faded altars: false
     0 | D:1      | 0 ||| qw: Do Orc after D:15 true
     0 | D:1      | 0 ||| qw: Do second Lair branch before Depths: true
     0 | D:1      | 0 ||| qw: Lair rune preference: random
     0 | D:1      | 0 ||| qw: Plans: Normal
     0 | D:1      | 0 ||| PLANNING D:1-11
    21 | D:1      | 21 ||| INVOKING Spit Poison.
    30 | D:1      | 30 ||| DROPPING scroll of butterflies.
    31 | D:1      | 31 ||| INVOKING Spit Poison.
    37 | D:1      | 37 ||| INVOKING Spit Poison.
    43 | D:1      | 43 ||| INVOKING Spit Poison.
    54 | D:1      | 54 ||| INVOKING Spit Poison.
    65 | D:1      | 65 ||| INVOKING Spit Poison.
    66 | D:1      | Reached skill level 4 in Ranged Weapons
    66 | D:1      | Reached XP level 2. HP: 26/26 MP: 2/2
    67 | D:1      | 67 ||| Stepping ~*~*~tactically~*~*~ (outnumbered).
    69 | D:1      | 69 ||| INVOKING Spit Poison.
    72 | D:1      | 72 ||| INVOKING Spit Poison.
    78 | D:1      | 78 ||| INVOKING Spit Poison.
    82 | D:1      | 82 ||| INVOKING Spit Poison.
   224 | D:1      | 224 ||| INVOKING Spit Poison.
   230 | D:1      | 230 ||| INVOKING Spit Poison.
   243 | D:1      | Found a faded altar of an unknown god.
   278 | D:1      | 278 ||| INVOKING Spit Poison.
   283 | D:1      | 283 ||| INVOKING Spit Poison.
   339 | D:1      | 339 ||| INVOKING Spit Poison.
   351 | D:1      | 351 ||| INVOKING Spit Poison.
   365 | D:1      | Reached XP level 3. HP: 32/32 MP: 3/3
   375 | D:1      | 375 ||| INVOKING Spit Poison.
   419 | D:1      | 419 ||| INVOKING Spit Poison.
   424 | D:1      | 424 ||| INVOKING Spit Poison.
   490 | D:1      | 490 ||| INVOKING Spit Poison.
   526 | D:1      | 526 ||| INVOKING Spit Poison.
   532 | D:1      | 532 ||| INVOKING Spit Poison.
   560 | D:1      | 560 ||| INVOKING Spit Poison.
   681 | D:1      | 681 ||| INVOKING Spit Poison.
   696 | D:1      | 696 ||| UPGRADING to +0 pair of gloves.
   701 | D:1      | 701 ||| READING scroll labelled TIMIELAPATS.
   704 | D:1      | 704 ||| READING scroll labelled HEOLAUCANU.
   761 | D:1      | 761 ||| READING scroll labelled QECUW LOLOC.
   890 | D:2      | 890 ||| INVOKING Spit Poison.
   906 | D:2      | 906 ||| INVOKING Spit Poison.
   995 | D:2      | 995 ||| INVOKING Spit Poison.
  1006 | D:2      | 1006 ||| INVOKING Spit Poison.
  1026 | D:2      | 1026 ||| INVOKING Spit Poison.
  1041 | D:2      | 1041 ||| INVOKING Spit Poison.
  1099 | D:2      | 1099 ||| INVOKING Spit Poison.
  1103 | D:2      | 1103 ||| INVOKING Spit Poison.
  1153 | D:2      | 1153 ||| INVOKING Spit Poison.
  1226 | D:2      | 1226 ||| INVOKING Spit Poison.
  1253 | D:2      | 1253 ||| INVOKING Spit Poison.
  1301 | D:2      | 1301 ||| INVOKING Spit Poison.
  1335 | D:2      | 1335 ||| INVOKING Spit Poison.
  1340 | D:2      | 1340 ||| INVOKING Spit Poison.
  1342 | D:2      | Reached skill level 5 in Ranged Weapons
  1342 | D:2      | Reached XP level 4. HP: 35/39 MP: 4/4
  1360 | D:2      | Found a snail-covered altar of Cheibriados.
  1370 | D:2      | 1370 ||| INVOKING Spit Poison.
  1375 | D:2      | 1375 ||| INVOKING Spit Poison.
  1501 | D:2      | Found Ugos Epa's Magic Scroll Emporium.
  1502 | D:2      | 1502 ||| INVOKING Spit Poison.
  1508 | D:2      | 1508 ||| SHOPLISTING scroll of enchant armour (97 gold,
                  | have 80).
  1508 | D:2      | 1508 ||| SHOPLISTING scroll of enchant weapon (97 gold,
                  | have 80).
  1508 | D:2      | 1508 ||| BUYING scroll of identify (26 gold).
  1508 | D:2      | Bought a scroll of identify for 26 gold pieces
  1508 | D:2      | 1508 ||| BUYING scroll of identify (26 gold).
  1508 | D:2      | Bought a scroll of identify for 26 gold pieces
  1508 | D:2      | 1508 ||| SHOPLISTING scroll of teleportation (39 gold, have
                  | 28).
  1512 | D:2      | 1512 ||| UPGRADING to +6 ring of strength.
  1513 | D:2      | 1513 ||| READING scroll labelled QETIAC KONO.
  1514 | D:2      | 1514 ||| READING 3 scrolls of identify.
  1514 | D:2      | 1514 ||| IDENTIFYING black potion
  1515 | D:2      | 1515 ||| READING 2 scrolls of identify.
  1515 | D:2      | 1515 ||| IDENTIFYING lumpy coppery potion
  1516 | D:2      | 1516 ||| DROPPING potion of lignification.
  1535 | D:3      | 1535 ||| INVOKING Spit Poison.
  1538 | D:3      | 1538 ||| STAIRDANCE
  1564 | D:3      | 1564 ||| INVOKING Spit Poison.
  1592 | D:3      | 1592 ||| INVOKING Spit Poison.
  1595 | D:3      | 1595 ||| INVOKING Spit Poison.
  1602 | D:3      | 1602 ||| INVOKING Spit Poison.
  1643 | D:3      | 1643 ||| INVOKING Spit Poison.
  1649 | D:3      | 1649 ||| INVOKING Spit Poison.
  1680 | D:3      | 1680 ||| INVOKING Spit Poison.
  1706 | D:3      | 1706 ||| INVOKING Spit Poison.
  1714 | D:3      | Found a snail-covered altar of Cheibriados.
  1733 | D:3      | 1733 ||| INVOKING Spit Poison.
  1845 | D:3      | 1845 ||| INVOKING Spit Poison.
  1847 | D:3      | 1847 ||| Stepping ~*~*~tactically~*~*~ (outnumbered).
  1852 | D:3      | 1852 ||| INVOKING Spit Poison.
  1855 | D:3      | HP: 9/40 [gnoll/+0 flail (9)]
  1857 | D:3      | HP: 1/40 [gnoll/+0 flail (4)]
  1859 | D:3      | 1859 ||| INVOKING Spit Poison.
  1860 | D:3      | Slain by a gnoll

Levels and vault maps discovered:
D:1:      eino_arrival_cavern_e, layout_loops_ring,
          chequers_ecumenical_altar_simple_redux, grunt_decor_fettered
D:2:      layout_basic, serial_shops, nicolae_shop_tiny_statue_garden,
          basic_altar
D:3:      layout_rooms, mainiacjoe_overflow_tiny_flanked

Skill      XL: |  1  2  3 |
---------------+----------+-----
Ranged Weapons | 4 5 |  5.0
Fighting       | |  2.9
Dodging        | |  1.5
Stealth        | |  1.5

Action                     |  1- 3 |  4- 6 || total
---------------------------+-------+-------++-------
   Fire: Shortbow          |    86 |    46 ||   132
Ability: Spit Poison       |    38 |    16 ||    54
    Use: Scroll            |     3 |     3 ||     6
 Armour: Leather armour    |     8 |     4 ||    12
  Dodge: Dodged            |    22 |    12 ||    34

Table legend:
 A = Non-vault XP
 B = Vault XP
 C = Vault XP percentage of total XP
 D = Non-vault monster count
 E = Vault monster count
 F = Vault count percentage of total count
                 A         B        C        D         E       F
            +---------+---------+-------+---------+---------+-------
      Total |     146 |       0 |   0.0 |      64 |       0 |   0.0
            +---------+---------+-------+---------+---------+-------
        D:1 |      49 |       0 |   0.0 |      31 |       0 |   0.0
        D:2 |      45 |       0 |   0.0 |      19 |       0 |   0.0
        D:3 |      52 |       0 |   0.0 |      14 |       0 |   0.0
            +---------+---------+-------+---------+---------+-------
